 Dungeon Crawl Stone Soup version 0.18.1-1-g2f07953 (webtiles) character file.

261 M4edhros the Covert (level 6, -14/38 HPs)
             Began as an Octopode Artificer on May 7, 2016.
             Demolished by an ogre
             ... wielding a +0 giant club
              (28 damage)
             ... on level 4 of the Dungeon.
             The game lasted 00:02:40 (2562 turns).

M4edhros the Covert (Octopode Artificer)            Turns: 2562, Time: 00:02:41

Health: -14/38     AC:  2    Str:  8    XL:     6   Next: 18%
Magic:  8/8        EV: 12    Int: 14    God:
Gold:   164        SH:  0    Dex: 15    Spells: 0 memorised, 5 levels left

rFire  + . .     SeeInvis .     z - +2 halberd (venom)
rCold  . . .     Gourm    +     (shield currently unavailable)
rNeg   . . .     Faith    .     o - +1 hat
rPois  .         Spirit   .     w - amulet of the gourmand
rElec  .         Dismiss  .     u - ring of protection from fire
rCorr  .         Reflect  .     x - -2 ring of strength (curse)
SustAt .         Harm     .     (no ring)
MR     .....                    (no ring)
Stlth  ++++++....               (no ring)
                                (no ring)
                                (no ring)
                                (no ring)

@: not resistant to hostile enchantments, very stealthy
A: almost no armour, amphibious, 8 rings, constrict 8, camouflage 1, gelatinous
body 1
a: no special abilities


You were on level 4 of the Dungeon.
You were full.

You visited 1 branch of the dungeon, and saw 4 of its levels.

You collected 164 gold pieces.

Inventory:

Hand Weapons
 a - a +0 short sword
 m - a +0 dagger of holy wrath
 z - a +2 halberd of venom (weapon)
Armour
 o - a +1 hat (worn)
Jewellery
 u - a ring of protection from fire (left tentacle)
 w - an amulet of the gourmand (around mantle)
 x - a cursed -2 ring of strength (right tentacle)
Wands
 b - a wand of flame (15/48)
 c - a wand of enslavement (12/24)
 d - a wand of random effects (12/48)
Scrolls
 e - a scroll of teleportation {unknown}
 g - 3 scrolls of enchant armour {unknown}
 k - 2 scrolls of amnesia {unknown}
 l - a scroll of fog {unknown}
 n - 2 scrolls of identify {unknown}
 r - 2 scrolls of random uselessness {unknown}
 y - a scroll of enchant weapon {unknown}
 A - a scroll of recharging {unknown}
Potions
 j - a potion of flight
 p - a potion of cancellation {unknown}
 q - a potion of might {unknown}
 s - a potion of haste {unknown}
 t - 2 potions of agility {unknown}
 v - a potion of mutation {unknown}
Comestibles
 f - 4 bread rations
 h - a meat ration
 i - a beef jerky


   Skills:
 - Level 1.0 Fighting
 - Level 1.0 Short Blades
 - Level 2.0 Dodging
 + Level 8.7 Stealth
 - Level 3.2 Evocations


You had 5 spell levels left.
You didn't know any spells.

Dungeon Overview and Level Annotations

Branches:
Dungeon (4/15)             Temple (0/1) D:4

Altars:
Dithmenos
Zin


Innate Abilities, Weirdness & Mutations

You cannot wear most types of armour.
You are amphibious.
You can wear up to eight rings at the same time.
You can use your tentacles to constrict eight enemies at once.
Your skin changes colour to match your surroundings (Stealth).
Your rubbery body absorbs attacks (AC +1).


Message History

A hound skeleton is nearby!
You puncture the hound skeleton!
You destroy the hound skeleton!
No target in view!
g - 3 scrolls labeled MOUBEU FALEYNT (gained 1)
r - 2 scrolls labeled AXKOVIOBLI (gained 1)
An ogre comes into view. It is wielding a giant club.
The ogre shouts!
Found a fuming white potion.
An ogre is nearby!
An ogre is nearby!
An ogre is nearby!
You slash the ogre!
The ogre is moderately wounded.
The ogre hits you with a giant club!!
Ouch! That really hurt!
You are too injured to fight recklessly!
The ogre hits you with a giant club!!
Ouch! That really hurt!
You die...

##.# #...# .... ###.#
##.. #.# ..# #.# #.#
#.# #.# #.# #.####@####
#.....O...#
########.##.#
#.........#.#
#.######..#.####### #.#
#..........#
#####.######..###.#####
#...............#.#
#####.###.#########.#.#


You could see an ogre.

Vanquished Creatures
  A giant frog (D:3)
  A howler monkey (D:4)
  A worker ant (D:4)
  2 hound skeletons (D:4)
  2 gnolls (D:4)
  3 adders
  2 worms (D:2)
  2 dart slugs
  A giant gecko (D:3)
  4 orcs (D:4)
  3 goblins
  4 hobgoblins
  8 jackals
  5 kobolds
  9 bats
  3 rats
51 creatures vanquished.

Vanquished Creatures (collateral kills)
  A gnoll (D:4)
  A rat (D:2)
2 creatures vanquished.

Vanquished Creatures (others)
  A gnoll (D:4)
  A jackal (D:2)
2 creatures vanquished.

Grand Total: 55 creatures vanquished

Notes
Turn   | Place    | Note
--------------------------------------------------------------
     0 | D:1      | M4edhros the Octopode Artificer began the quest for the Orb.
     0 | D:1      | Reached XP level 1. HP: 13/13 MP: 3/3
    27 | D:1      | Reached skill level 2 in Stealth
   176 | D:1      | Reached skill level 3 in Stealth
   176 | D:1      | Reached XP level 2. HP: 15/18 MP: 4/4
   856 | D:2      | Reached skill level 4 in Stealth
   869 | D:2      | Reached XP level 3. HP: 17/23 MP: 5/5
  1300 | D:2      | Reached skill level 5 in Stealth
  1359 | D:2      | Found a glowing silver altar of Zin.
  1555 | D:2      | Reached XP level 4. HP: 28/28 MP: 6/6
  1570 | D:3      | Noticed a giant frog
  1572 | D:3      | Killed a giant frog
  1572 | D:3      | Reached skill level 6 in Stealth
  1572 | D:3      | Reached XP level 5. HP: 31/33 MP: 7/7
  1763 | D:3      | Found a shadowy altar of Dithmenos.
  1770 | D:3      | Reached skill level 7 in Stealth
  2232 | D:4      | Reached skill level 8 in Stealth
  2335 | D:4      | Found a staircase to the Ecumenical Temple.
  2453 | D:4      | Reached XP level 6. HP: 33/38 MP: 8/8
  2562 | D:4      | Demolished by an ogre

Skill      XL: |  1  2  3  4  5 |
---------------+----------------+-----
Stealth        | 3 4 5 6 8 |  8.7
Fighting       | |  1.0
Short Blades   | |  1.0
Dodging        | |  2.0
Evocations     | |  3.2

Action                   |  1- 3 |  4- 6 || total
-------------------------+-------+-------++-------
Melee: Short sword       |    48 |    52 ||   100
       Constrict         |    13 |    16 ||    29
       Tentacles         |     8 |     8 ||    16
       Dagger            |     3 |       ||     3
       Halberd           |       |     9 ||     9
Evoke: Wand              |     4 |     2 ||     6
  Use: Potion            |     2 |       ||     2
 Stab: Sleeping          |     8 |     4 ||    12
       Paralysed         |     1 |       ||     1
  Eat: Chunk             |     2 |    15 ||    17
Armor: Skin              |     9 |    11 ||    20
Dodge: Dodged            |    40 |    44 ||    84
